 Dungeon Crawl Stone Soup version 0.27-a0-1299-g1ab19c6527 (webtiles) character file.

Game seed: 4214158038011486812

99 lunkers the Gusty (level 4, 0/24 HPs)
             Began as a Tengu Air Elementalist on June 16, 2021.
             Killed by their own static electricity (2 damage)
             ... on level 2 of the Dungeon.
             The game lasted 00:06:12 (3004 turns).

lunkers the Gusty (Tengu Air Elementalist)          Turns: 3004, Time: 00:06:13

Health: 0/24       AC:  2    Str:  8    XL:     4   Next: 72%
Magic:  2/8        EV: 17    Int: 16    God:
Gold:   37         SH:  0    Dex: 15    Spells: 2/8 levels left

rFire    . . .     SeeInvis .   (no weapon)
rCold    . . .     Faith    .   (no shield)
rNeg     . . .     Spirit   .   a - +0 robe
rPois    .         Reflect  .   (helmet restricted)
rElec    .         Harm     .   (no cloak)
rCorr    .         Rampage  .   (no gloves)
Will     +....                  (boots unavailable)
Stlth    ++........             (no amulet)
HPRegen  0.08/turn              i - ring of willpower
MPRegen  0.11/turn              (no ring)

@: agile, very slightly contaminated
A: beak, talons 3
a: no special abilities


You were on level 2 of the Dungeon.
You visited 1 branch of the dungeon, and saw 2 of its levels.

You collected 37 gold pieces.

Inventory:

Armour
 a - a +0 robe (worn)
Jewellery
 i - a ring of willpower (left hand)
Scrolls
 b - a scroll of identify {unknown}
 c - 2 scrolls of enchant armour {unknown}
 d - 2 scrolls of noise {unknown}
 e - 5 scrolls of teleportation {unknown}
 g - 2 scrolls of immolation {unknown}
Potions
 f - a potion of mutation {unknown}
 h - a potion of lignification {unknown}
 j - a potion of berserk rage {unknown}


   Skills:
 - Level 2.1 Dodging
 - Level 2.0 Stealth
 + Level 2.5 Spellcasting
 * Level 3.8 Conjurations
 * Level 5.4 Air Magic


You had 2 spell levels left.
You knew the following spells:

 Your Spells              Type           Power      Damage    Failure   Level
a - Shock                 Conj/Air       64%        1d7       3%          1
b - Static Discharge      Conj/Air       16%        N/A       4%          2
c - Swiftness             Air            19%        N/A       6%          3

Your spell library contained the following spells:

 Spells                   Type           Power      Damage    Failure   Level
 Airstrike                Air            9%         N/A       21%         4
 Confusing Touch          Hex            2%         N/A       52%         3
 Gell's Gravitas          Tloc           1%         N/A       52%         3
 Lightning Bolt           Conj/Air       8%         1d20      63%         5
 Petrify                  Tmut/Erth      2%         N/A       89%         4
 Metabolic Englaciation   Hex/Ice        1%         N/A       99%         5
 Yara's Violent Unravell  Hex/Tmut       1%         3d3       99%         5


Dungeon Overview and Level Annotations

Branches:
Dungeon (2/15)

Altars:

Shops:
D:1 (*(*[

Annotations:
D:2 Crazy Yiuf


Innate Abilities, Weirdness & Mutations

You have a beak for a mouth.
You have claws for feet.


Message History

Unknown command.
Crazy Yiuf grits, "Race forty-two toodlewoodle!"
You see here 17 stones.
Crazy Yiuf says, "Liver mumblescurry King!"
Crazy Yiuf yells, "Nubble!
Mountain horse shoe."
Crazy Yiuf grits, "Two!
Fire toodlewoodle sing-song."
Crazy Yiuf hits you with a +2 quarterstaff of chaos.
* * * LOW HITPOINT WARNING * * *
You resist with almost no effort.
Crazy Yiuf says, "Buddy agre sing!"
Crazy Yiuf says, "Whippet pontify light!"
Crazy Yiuf says, "Gum sanguine green!"
Crazy Yiuf waves his quarterstaff at you.
Crazy Yiuf screams, "Dawk cloud Orb Guardian!"
Casting: Static Discharge (safe; 4% risk of failure)
Confirm with . or Enter, or press ? or * to list all spells.
Crazy Yiuf is struck by an arc of lightning.
Crazy Yiuf is moderately wounded.
You are struck by an arc of lightning.
The lightning grounds out.
Crazy Yiuf hits you with a +2 quarterstaff of chaos.
* * * LOW HITPOINT WARNING * * *
You feel agile all of a sudden.
Casting: Static Discharge (safe; 4% risk of failure)
Confirm with . or Enter, or press ? or * to list all spells.
You miscast Static Discharge.
You are very lightly contaminated with residual magic.
Nothing appears to happen.
Crazy Yiuf completely misses you.
Unknown command.
Unknown command.
Unknown command.
Crazy Yiuf hits you with a +2 quarterstaff of chaos.
* * * LOW HITPOINT WARNING * * *
Crazy Yiuf freezes you.
* * * LOW HITPOINT WARNING * * *
Casting: Static Discharge (safe; 4% risk of failure)
Confirm with . or Enter, or press ? or * to list all spells.
Crazy Yiuf is struck by an arc of lightning.
Crazy Yiuf is heavily wounded.
You are struck by an arc of lightning.
You die...

### #### ..# #.<#
..########## ##.#
...........# #.#
.###.......######.##########
.# #............@...<......#
.###.......######g##########
...#####.#..# #.# ##..#
#.##.## #.# ##.# #.##..# #.#
### #.####.###.####.# ###.#
#...##.# #......# #...####
###.##.# #####..## ##.......
### #..#.#
#...######...#####


You could see Crazy Yiuf.

Vanquished Creatures
  5 adders (D:2)
  A worm (D:2)
  A dart slug (D:1)
  15 ball pythons
  A bat (D:2)
  3 endoplasms
  3 giant cockroaches
  4 hobgoblins
  2 jackals (D:2)
  3 kobolds
  A quokka (D:1)
  6 frilled lizards (D:1)
  5 rats
50 creatures vanquished.

Notes
Turn   | Place    | Note
-------+----------+-------------------------------------------
     0 | D:1      | lunkers the Tengu Air Elementalist began the quest for the
                  | Orb.
     0 | D:1      | Reached XP level 1. HP: 10/10 MP: 4/4
   220 | D:1      | Found Simay's General Store.
   359 | D:1      | Found Beas's Weapon Boutique.
   409 | D:1      | Reached XP level 2. HP: 15/15 MP: 1/6
   510 | D:1      | Found Soun's Weapon Shop.
   631 | D:1      | Found Etzuzun's General Store.
   774 | D:1      | Found Axton's Antique Armour Shop.
   940 | D:1      | Reached XP level 3. HP: 19/19 MP: 5/7
  1532 | D:2      | Learned a level 2 spell: Static Discharge
  1536 | D:2      | Learned a level 3 spell: Swiftness
  1665 | D:2      | Found a runed translucent door.
  1666 | D:2      | Noticed Crazy Yiuf
  1760 | D:2      | Reached skill level 5 in Air Magic
  1916 | D:2      | Reached XP level 4. HP: 17/24 MP: 0/8
  2858 | D:2      | Found a faded altar of an unknown god.
  3004 | D:2      | Killed from afar by themself

Illustrated notes

Levels and vault maps discovered:
D:1:      dpeg_arrival_orchard, layout_basic, serial_shops, nicolae_square_shop,
          nicolae_diamond_shop, nicolae_shop_stone, nicolae_shop_waterfront,
          shop, hangedman_decor_opposing, minivault_27, kennysheep_pointless_box
D:2:      layout_rooms, shapermc_ecumenical_altar_mp_vishouse,
          minmay_snake_closets, uniq_crazy_yiuf_cottage

Skill      XL: |  1  2  3 |
---------------+----------+-----
Conjurations   | 2 3 |  3.8
Air Magic      | 5 |  5.4
Dodging        | |  2.1
Stealth        | |  2.0
Spellcasting   | |  2.5

Action                   |  1- 3 |  4- 6 || total
-------------------------+-------+-------++-------
Melee: Unarmed           |    11 |     4 ||    15
       Kick              |     1 |     1 ||     2
       Peck              |       |     2 ||     2
 Cast: Shock             |    81 |       ||    81
       Static Discharge  |     2 |    21 ||    23
Armor: Robe              |     4 |     3 ||     7
Dodge: Dodged            |    20 |    12 ||    32

Table legend: (Time is in decaauts)
 A = Elapsed time spent in this place.
 B = Non-inter-level travel time spent in this place.
 C = Inter-level travel time spent in this place.
 D = Time resting spent in this place.
 E = Time spent auto-exploring this place.
 F = Levels seen in this place.
 G = Mean time per level.
                   A        B        C        D        E       F      G
               +--------+--------+--------+--------+--------+-----+--------+
         Total |   3003 |   2960 |     43 |     23 |   2611 |   2 | 1501.5 |
       Dungeon |   3003 |   2960 |     43 |     23 |   2611 |   2 | 1501.5 |
               +--------+--------+--------+--------+--------+-----+--------+

Top non-repeatable levels by time:
     D:2: 1794 daAuts
     D:1: 1209 daAuts
